 Seeded DCSS version 0.23.2 (webtiles) character file.

Game seed: 97667173627

102581 Kranky the Thaumaturge (level 16, -1/123 HPs)
             Began as a Gnoll Wizard on Oct 16, 2019.
             Was the Champion of Okawaru.
             Slain by a shambling mangrove (20 damage)
             ... on level 1 of the Swamp on Oct 17, 2019.
             The game lasted 03:37:37 (40796 turns).

Kranky the Thaumaturge (Gnoll Wizard)              Turns: 40796, Time: 03:37:38

Health: -1/123     AC: 20    Str: 13    XL:     16   Next: 33%
Magic:  8/32       EV: 14    Int: 28    God:    Okawaru [******]
Gold:   1246       SH: 11    Dex: 16    Spells: 0/39 levels left

rFire    + . .     SeeInvis .   L - +9 demon trident (pain)
rCold    + . .     Gourm    .   J - +0 shield
rNeg     . . .     Faith    +   r - +2 ring mail {rC+}
rPois    +         Spirit   .   D - +0 helmet
rElec    .         Reflect  .   Q - +2 cloak {rPois}
rCorr    .         Harm     .   X - +2 pair of gloves {Dex+3}
MR       +++..                  o - +1 pair of boots {Fly}
Stlth    ++++......             C - amulet of faith
HPRegen  0.30/turn              a - ring of protection from fire
MPRegen  0.23/turn              m - ring of the Mage {Wiz MR++ Int+3}

@: grasped by roots, flying, very slightly contaminated, constricted, studying
Ice Magic
A: distributed training, fangs 1, strong nose
a: Heroism, Finesse, Renounce Religion, Stop Flying


You were on level 1 of the Swamp.
You worshipped Okawaru.
Okawaru was exalted by your worship.
You were not hungry.

You visited 4 branches of the dungeon, and saw 24 of its levels.
You also visited: Sewer, Gauntlet and Ice Cave.

You collected 3151 gold pieces.
You spent 1905 gold pieces at shops.

Inventory:

Hand Weapons
 E - the +2 Maxwell's thermic engine {flame, freeze}
   (You found it on level 6 of the Lair of Beasts)

   It has been specially enchanted to burn those struck by it, causing extra
   injury to most foes and up to half again as much damage against particularly
   susceptible opponents.
   Big, fiery blades are also staple armaments of hydra-hunters.
 K - a +5 dagger of freezing
 L - a +9 demon trident of pain (weapon)
Missiles
 h - 261 sling bullets (quivered)
 H - 5 throwing nets
Armour
 o - a +1 pair of boots of flying (worn)
 r - a +2 ring mail of cold resistance (worn)
 D - a +0 helmet (worn)
 J - a +0 shield (worn)
 Q - a +2 cloak of poison resistance (worn)
 X - a +2 pair of gloves of dexterity (worn)
Jewellery
 a - a ring of protection from fire (left hand)
 c - an uncursed ring of protection from fire
 m - the ring of the Mage (right hand) {Wiz MR++ Int+3}
   (You found it in a Gauntlet)

   [ring of wizardry]

   It improves your spell success rate.
   It affects your intelligence (+3).
   It affects your resistance to hostile enchantments.
 x - an uncursed ring of magical power
 C - an amulet of faith (around neck)
Wands
 j - a wand of enslavement (7)
 n - a wand of clouds (3)
 p - a wand of flame (16)
 t - a wand of polymorph (16)
 z - a wand of paralysis (3)
 A - a wand of iceblast (57)
 N - a wand of acid (13)
 O - a wand of disintegration (10)
 Y - a wand of scattershot (4)
Scrolls
 b - 6 scrolls of fog
 e - 4 scrolls of fear
 g - 5 scrolls of immolation
 i - 2 scrolls of identify
 l - 9 scrolls of teleportation
 B - 3 scrolls of remove curse
 P - 2 scrolls of blinking
 S - 3 scrolls of magic mapping
Potions
 f - 4 potions of haste
 k - 4 potions of invisibility
 u - 8 potions of flight
 v - 8 potions of curing
 w - 5 potions of might
 y - a potion of berserk rage {unknown}
 F - 2 potions of heal wounds
 M - 5 potions of agility
 T - a potion of brilliance
 U - a potion of resistance
 W - a potion of ambrosia
Books
 Z - a manual of Ice Magic
Miscellaneous
 G - a lightning rod (4/4)
 R - a fan of gales
Comestibles
 d - 27 rations


   Skills:
 + Level 10.5 Fighting
 + Level 10.5 Short Blades
 + Level 10.5 Long Blades
 + Level 10.5 Axes
 + Level 10.5 Maces & Flails
 + Level 10.5 Polearms
 + Level 10.5 Staves
 + Level 10.5 Slings
 + Level 10.5 Bows
 + Level 10.5 Crossbows
 + Level 10.5 Throwing
 + Level 10.5 Armour
 + Level 11.4 Dodging
 + Level 11.3 Stealth
 + Level 10.5 Shields
 + Level 10.5 Unarmed Combat
 + Level 12.4 Spellcasting
 + Level 9.2 Conjurations
 + Level 9.0 Hexes
 + Level 9.0 Charms
 + Level 9.2 Summonings
 + Level 9.0 Necromancy
 + Level 9.2 Translocations
 + Level 9.0 Transmutations
 + Level 9.0 Fire Magic
 + Level 10.4 Ice Magic
 + Level 9.0 Air Magic
 + Level 9.0 Earth Magic
 + Level 9.0 Poison Magic
 + Level 11.4 Invocations
 + Level 10.5 Evocations


You couldn't memorise any spells.
You knew the following spells:

 Your Spells              Type           Power        Failure   Level  Hunger
a - Bolt of Cold          Conj/Ice       ######....   11%         6    #####..
b - Mephitic Cloud        Conj/Pois/Air  ######..     1%          3    None
c - Conjure Flame         Conj/Fire      ######..     1%          3    None
d - Blink                 Tloc           N/A          1%          2    None
f - Poisonous Vapours     Pois/Air       ######       1%          2    None
g - Fireball              Conj/Fire      ######....   2%          5    ##.....
h - Freezing Cloud        Conj/Ice/Air   ######....   12%         6    #####..
i - Bolt of Fire          Conj/Fire      ######....   14%         6    #####..
j - Regeneration          Chrm/Necr      ######....   1%          3    None
k - Spectral Weapon       Hex/Chrm       ######..     1%          3    None

Your spell library contained the following spells:

 Spells                   Type           Power        Failure   Level  Hunger
 Animate Skeleton         Necr           N/A          1%          1    None
 Flame Tongue             Conj/Fire      #####        1%          1    None
 Infusion                 Chrm           ####         1%          1    None
 Magic Dart               Conj           ####         1%          1    None
 Pain                     Necr           ####         1%          1    None
 Call Imp                 Summ           ######..     1%          2    None
 Shroud of Golubria       Chrm/Tloc      ######....   1%          2    None
 Slow                     Hex            ######..     1%          2    None
 Song of Slaying          Chrm           ######..     1%          2    None
 Throw Flame              Conj/Fire      ######       1%          2    None
 Ignite Poison            Fire/Tmut/Pois ######..     1%          3    None
 Inner Flame              Hex/Fire       ######..     1%          3    None
 Spider Form              Tmut/Pois      ######....   1%          3    None
 Vampiric Draining        Necr           ######....   1%          3    None
 Animate Dead             Necr           N/A          1%          4    None
 Ice Form                 Ice/Tmut       ######..     1%          4    None
 Sticky Flame             Conj/Fire      ######..     1%          4    None
 Metabolic Englaciation   Hex/Ice        ######....   1%          5    ##.....
 Alistair's Intoxication  Tmut/Pois      ######..     2%          5    ##.....
 Yara's Violent Unravell  Hex/Tmut       ######....   2%          5    ##.....
 Ozocubu's Refrigeration  Ice            ######....   9%          6    #####..
 Simulacrum               Ice/Necr       ######....   12%         6    #####..
 Statue Form              Tmut/Erth      ######...    16%         6    #####..
 Ring of Flames           Chrm/Fire      ######....   61%         7    ######.
 Ignition                 Fire           ######....   99%         8    #######


Dungeon Overview and Level Annotations

Branches:
Dungeon (15/15)            Temple (0/1) D:7            Lair (6/6) D:11
  Swamp (1/4) Lair:3       Spider (0/4) Lair:4        Slime (0/5) Lair:5
    Orc (2/2) D:9             Elf (0/3) Orc:2        Vaults (0/5) D:13
 Depths (0/5) D:15

Altars:
Dithmenos
Fedhas
Kikubaaqudgha
Okawaru
Ru
Vehumet
Xom
Beogh

Shops:
D:5 [   Orc:1 (   Orc:2 :?[}}

Annotations:
Lair:2 1 runed translucent door, exclusion: 2 oklob plants, Qoesoec's ghost, journeyman GrFi
Lair:5 exclusion: 5 oklob plants


Innate Abilities, Weirdness & Mutations

Your experience applies equally to all skills.
You have very sharp teeth.
Your uncanny sense of smell can sniff out nearby items.


Message History

Press: ? - help, Shift-Dir - straight line, f/p - shambling mangrove
Aim: a shambling mangrove (water, almost destroyed)
The puff of flame hits the shambling mangrove but does no damage.
The shambling mangrove is almost destroyed.
The shambling mangrove is engulfed in a cloud of scalding steam.
You block the shambling mangrove's attack.
You see here a spiny frog skeleton.
Roots burst forth from the earth!
The grasping roots grab you!
* * * LOW HITPOINT WARNING * * *
The grasping roots constrict you.
The roots' grasp on you weakens, but your attempt to escape fails.
You escape the roots' grasp.
Roots burst forth from the earth!
The grasping roots grab you! The grasping roots constrict you.
You escape the roots' grasp.
Roots burst forth from the earth!
The grasping roots grab you!
You die...

♣♣♣≈.<..≈≈≈≈≈≈≈≈≈≈≈≈..
♣.≈♣≈.≈≈≈≈≈≈≈§...≈♣
♣♣♣♣.≈≈≈..≈≈≈.≈§.≈♣
♣..≈≈.♣♣...≈≈.♣♣♣ ≈≈
♣...♣♣♣♣♣♣.≈.≈♣ ... ♣..♣♣♣
♣♣≈≈♣♣ ♣♣.≈≈≈ ♣♣♣♣♣♣≈.≈♣
♣♣..♣♣≈≈.≈≈≈ ....♣≈.≈.♣
♣...≈...≈≈≈ ..≈≈...≈.♣
♣♣♣♣@≈.≈≈≈≈≈≈≈ ..≈≈≈....♣
♣♣≈≈.≈≈≈♣≈≈≈.≈≈
..≈≈≈≈≈.≈♣♣♣.≈≈..♣♣♣♣≈♣♣..
≈..≈≈≈≈.≈♣♣≈≈≈≈≈...♣♣♣♣ ≈
........♣♣♣.≈≈≈.≈≈≈.♣
...≈≈..♣♣ ♣♣≈...≈≈≈.♣
..≈≈..≈♣ ♣♣....≈≈≈.♣
≈...♣♣♣♣ ♣♣§.f..≈≈≈.♣♣
≈.≈♣♣ ♣§♣♣...≈≈...♣


You could see a shambling mangrove.

Vanquished Creatures
  Frances (D:13)
  Kirke (D:14)
  Roxanne (D:14)
  An orc warlord (Orc:1)
  Louise (D:14)
  Azrael (D:13)
  A minotaur (Gauntlet)
  Erolcha (Orc:2)
  2 vault guards (D:13)
  Harold (D:9)
  5 centaur warriors
  10 hydras
  A rakshasa (D:15)
  A shambling mangrove (Swamp:1)
  3 catoblepae (Lair:6)
  5 two-headed ogres
  An alligator (Swamp:1)
  3 ogre magi
  6 death yaks (Lair:6)
  Sonja (Lair:2)
  A glowing orange brain (D:15)
  A wizard (D:15)
  An orc knight (Orc:1)
  7 orc sorcerers (Orc:2)
  A necromancer (IceCv)
  10 ugly things (D:15)
  5 cyclopes
  A cyclops (shapeshifter) (D:15)
  3 manticores
  Maurice (D:13)
  5 elephants (Lair:6)
  2 guardian serpents (D:10)
  A salamander (shapeshifter) (D:15)
  A black mamba (Lair:6)
  13 spiny frogs
  Psyche (D:9)
  An ice statue (IceCv)
  8 komodo dragons
  2 efreet
  10 freezing wraiths (IceCv)
  3 ice devils
  9 trolls
  A polar bear (Lair:5)
  A tengu conjurer (D:15)
  6 hornets
  3 tyrant leeches (Swamp:1)
  14 blink frogs
  7 hippogriffs
  7 dream sheep (Lair:4)
  16 slime creatures
  2 redbacks (Lair:4)
  2 spriggans
  A shadow (Swamp:1)
  2 wraiths
  A vampire (D:10)
  5 fire elementals (D:13)
  48 yaks
  8 wyverns
  8 humans (D:13)
  A basilisk (shapeshifter) (D:13)
  A basilisk (D:13)
  A steam dragon (D:13)
  6 vampire mosquitoes
  2 redback simulacra (Gauntlet)
  2 death yak simulacra (IceCv)
  A harpy simulacrum (Gauntlet)
  3 swamp worms (Swamp:1)
  3 acid dragons
  3 wargs
  15 water moccasins
  2 hell hounds (D:13)
  10 porcupines
  A swamp drake (shapeshifter) (D:15)
  13 ice beasts
  26 orc warriors
  7 sky beasts
  3 phantoms
  A swamp drake (Swamp:1)
  2 black bears
  An alligator simulacrum (IceCv)
  16 centaurs
  24 ogres
  A necrophage (D:10)
  7 crocodiles
  19 bullfrogs
  5 big kobolds
  A wyvern skeleton (D:8)
  A hornet simulacrum (Gauntlet)
  An elephant simulacrum (IceCv)
  4 scorpions
  3 killer bees (D:7)
  4 wights (D:9)
  3 centaur zombies
  6 crimson imps
  4 draconian simulacra (IceCv)
  2 bullfrog zombies
  2 hounds
  5 jellies
  41 orc wizards
  17 orc priests
  A gnoll shaman (D:6)
  4 centaur skeletons
  7 worker ants
  6 iguanas
  7 troll simulacra (IceCv)
  A killer bee zombie (D:8)
  5 centaur simulacra (IceCv)
  A hound zombie (D:6)
  A hound skeleton (D:8)
  3 worker ant zombies
  9 gnolls
  20 adders
  4 naga simulacra (IceCv)
  3 river rats (Sewer)
  A shadow imp (D:7)
  14 white imps
  3 oozes
  3 adder zombies
  3 adder skeletons
  4 worms
  3 dart slugs
  7 leopard geckos
  122 orcs
  4 giant cockroaches
  7 goblins
  10 hobgoblins
  12 jackals
  31 kobolds
  4 quokkas
  5 ball pythons
  4 bats
  11 frilled lizards
  A quokka skeleton (D:6)
  29 rats
  2 fungi (Lair:2)
888 creatures vanquished.

Vanquished Creatures (collateral kills)
  A black mamba (Lair:4)
  A spiny frog (Lair:4)
  A vampire (D:10)
  A water moccasin (Lair:5)
  2 killer bees (D:7)
  A centaur skeleton (D:10)
  A white imp (IceCv)
8 creatures vanquished.

Vanquished Creatures (others)
  A rime drake (shapeshifter) (D:15)
  5 humans
  An orc (Orc:2)
  3 fungi
  23 plants
  A spectral weapon (Swamp:1)
34 creatures vanquished.

Grand Total: 930 creatures vanquished

Notes
Turn   | Place    | Note
-------+----------+-------------------------------------------
     0 | D:1      | Kranky the Gnoll Wizard began the quest for the Orb.
     0 | D:1      | Reached XP level 1. HP: 13/13 MP: 8/8
   105 | D:1      | Reached XP level 2. HP: 19/19 MP: 2/10
   578 | D:1      | Reached XP level 3. HP: 25/25 MP: 8/11
  1024 | D:2      | Reached skill level 1 in Invocations
  1151 | D:2      | Reached skill level 1 in Fighting
  1151 | D:2      | Reached skill level 1 in Short Blades
  1151 | D:2      | Reached skill level 1 in Long Blades
  1151 | D:2      | Reached skill level 1 in Axes
  1151 | D:2      | Reached skill level 1 in Maces & Flails
  1151 | D:2      | Reached skill level 1 in Polearms
  1151 | D:2      | Reached skill level 1 in Staves
  1151 | D:2      | Reached skill level 1 in Slings
  1151 | D:2      | Reached skill level 1 in Bows
  1151 | D:2      | Reached skill level 1 in Crossbows
  1151 | D:2      | Reached skill level 1 in Throwing
  1151 | D:2      | Reached skill level 1 in Armour
  1151 | D:2      | Reached skill level 1 in Shields
  1151 | D:2      | Reached skill level 1 in Unarmed Combat
  1151 | D:2      | Reached skill level 1 in Evocations
  1151 | D:2      | Reached XP level 4. HP: 32/32 MP: 5/13
  2410 | D:3      | Reached skill level 1 in Hexes
  2410 | D:3      | Reached skill level 1 in Charms
  2410 | D:3      | Reached skill level 1 in Necromancy
  2410 | D:3      | Reached skill level 1 in Transmutations
  2410 | D:3      | Reached skill level 1 in Fire Magic
  2410 | D:3      | Reached skill level 1 in Ice Magic
  2410 | D:3      | Reached skill level 1 in Air Magic
  2410 | D:3      | Reached skill level 1 in Earth Magic
  2410 | D:3      | Reached skill level 1 in Poison Magic
  2807 | D:3      | Noticed an ogre
  2815 | D:3      | Killed an ogre
  2815 | D:3      | Reached XP level 5. HP: 37/37 MP: 8/14
  2824 | D:3      | Learned a level 3 spell: Mephitic Cloud
  2828 | D:3      | Learned a level 3 spell: Conjure Flame
  2831 | D:3      | Learned a level 2 spell: Blink
  2834 | D:3      | Learned a level 2 spell: Call Imp
  3158 | D:4      | You fall through a shaft!
  3158 | D:5      | Entered Level 5 of the Dungeon
  3224 | D:5      | Noticed an ogre
  3234 | D:5      | Killed an ogre
  3234 | D:5      | Reached XP level 6. HP: 42/44 MP: 6/16
  3301 | D:5      | Found Busk's Antique Armour Boutique.
  3312 | D:5      | Reached skill level 5 in Dodging
  3316 | D:5      | Found a glowing drain.
  3327 | Sewer    | Entered a sewer
  3779 | Sewer    | Reached XP level 7. HP: 39/50 MP: 3/18
  4459 | D:5      | Bought a pair of glowing boots for 195 gold pieces
  4484 | D:5      | Reached skill level 5 in Stealth
  4679 | D:5      | Reached XP level 8. HP: 57/57 MP: 14/19
  5894 | D:5      | Reached skill level 8 in Spellcasting
  6343 | D:6      | Reached XP level 9. HP: 34/65 MP: 14/21
  6596 | D:6      | Found an iron altar of Okawaru.
  6618 | D:6      | Became a worshipper of Warmaster Okawaru
  7463 | D:7      | Reached * piety under Okawaru
  7807 | D:7      | Reached skill level 5 in Invocations
  8196 | D:7      | Found a staircase to the Ecumenical Temple.
  8233 | D:7      | Found a shadowy altar of Dithmenos.
  8425 | D:8      | Reached XP level 10. HP: 58/73 MP: 9/22
  8674 | D:8      | Reached ** piety under Okawaru
  9068 | D:8      | Reached skill level 5 in Fighting
  9068 | D:8      | Reached skill level 5 in Short Blades
  9068 | D:8      | Reached skill level 5 in Long Blades
  9068 | D:8      | Reached skill level 5 in Axes
  9068 | D:8      | Reached skill level 5 in Maces & Flails
  9068 | D:8      | Reached skill level 5 in Polearms
  9068 | D:8      | Reached skill level 5 in Staves
  9068 | D:8      | Reached skill level 5 in Slings
  9068 | D:8      | Reached skill level 5 in Bows
  9068 | D:8      | Reached skill level 5 in Crossbows
  9068 | D:8      | Reached skill level 5 in Throwing
  9068 | D:8      | Reached skill level 5 in Armour
  9068 | D:8      | Reached skill level 5 in Shields
  9068 | D:8      | Reached skill level 5 in Unarmed Combat
  9068 | D:8      | Reached skill level 5 in Evocations
  9582 | D:9      | Found a staircase to the Orcish Mines.
  9811 | D:9      | Noticed Harold
  9847 | D:9      | Killed Harold
  9847 | D:9      | Reached *** piety under Okawaru
  9847 | D:9      | Received a gift from Okawaru
  9847 | D:9      | Reached skill level 9 in Spellcasting
  9944 | D:9      | Reached skill level 5 in Conjurations
  9944 | D:9      | Reached skill level 5 in Summonings
  9944 | D:9      | Reached skill level 5 in Translocations
 10291 | D:9      | Noticed Psyche
 10305 | D:9      | Killed Psyche
 10651 | D:10     | Entered Level 10 of the Dungeon
 10658 | D:10     | Reached **** piety under Okawaru
 10858 | D:10     | Noticed a guardian serpent
 10884 | D:10     | Killed a guardian serpent
 10884 | D:10     | Reached XP level 11. HP: 33/81 MP: 19/24
 11240 | D:10     | You fall through a shaft!
 11244 | D:11     | Noticed a cyclops
 11765 | D:10     | Reached ***** piety under Okawaru
 11765 | D:10     | Reached skill level 5 in Hexes
 11765 | D:10     | Reached skill level 5 in Charms
 11765 | D:10     | Reached skill level 5 in Necromancy
 11765 | D:10     | Reached skill level 5 in Transmutations
 11765 | D:10     | Reached skill level 5 in Fire Magic
 11765 | D:10     | Reached skill level 5 in Ice Magic
 11765 | D:10     | Reached skill level 5 in Air Magic
 11765 | D:10     | Reached skill level 5 in Earth Magic
 11765 | D:10     | Reached skill level 5 in Poison Magic
 13080 | D:10     | Received a gift from Okawaru
 14195 | D:11     | Found a staircase to the Lair.
 14223 | D:11     | Killed a cyclops
 14975 | D:11     | Noticed a cyclops
 15485 | D:11     | Killed a cyclops
 15603 | D:11     | Found a shimmering altar of Xom.
 15811 | D:12     | Noticed an eight-headed hydra
 15871 | D:12     | Noticed a skeletal warrior
 15871 | D:12     | Noticed a skeletal warrior
 15871 | D:12     | Noticed a skeletal warrior
 15871 | D:12     | Noticed a skeletal warrior
 16032 | D:12     | Noticed a cyclops
 16056 | D:12     | Killed a cyclops
 16535 | D:12     | Reached XP level 12. HP: 55/89 MP: 18/25
 17099 | Lair:1   | Entered Level 1 of the Lair of Beasts
 17116 | Lair:1   | Noticed a seven-headed hydra
 17138 | Lair:1   | Killed a seven-headed hydra
 17138 | Lair:1   | Reached skill level 10 in Spellcasting
 17208 | D:11     | Received a gift from Okawaru
 17606 | Lair:1   | Learned a level 2 spell: Poisonous Vapours
 17641 | Lair:1   | Noticed a four-headed hydra
 17658 | Lair:1   | Killed a four-headed hydra
 17820 | Lair:1   | Received a gift from Okawaru
 17943 | Lair:1   | Noticed an eight-headed hydra
 17956 | Lair:1   | Killed an eight-headed hydra
 18103 | Lair:1   | Received a gift from Okawaru
 18879 | Lair:2   | Noticed Sonja
 18911 | Lair:2   | Killed Sonja
 18967 | Lair:2   | Reached ****** piety under Okawaru
 19074 | Lair:2   | Found a runed translucent door.
 19075 | Lair:2   | Found a shimmering altar of Xom.
 19075 | Lair:2   | Noticed Qoesoec's ghost (journeyman GrFi)
 19075 | Lair:2   | Identified the +4 scimitar of Ruhuw {chaos, Str+4 Int+2}
 19114 | Lair:2   | Noticed a six-headed hydra
 19121 | Lair:2   | Received a gift from Okawaru
 19356 | Lair:2   | Killed a six-headed hydra
 20427 | Lair:3   | Found a gate leading to a gauntlet.
 20446 | Lair:3   | Reached XP level 13. HP: 22/98 MP: 27/27
 20585 | Gauntlet | Entered a Gauntlet
 20585 | Gauntlet | Found a transporter.
 20795 | Gauntlet | Found a transporter.
 20796 | Gauntlet | Found the ring of the Mage {Wiz MR++ Int+3}
 20797 | Gauntlet | Found a transporter.
 20806 | Gauntlet | Found a transporter.
 20808 | Gauntlet | Found a transporter.
 20820 | Gauntlet | Found a transporter.
 20833 | Gauntlet | Found a transporter.
 20843 | Gauntlet | Found a transporter.
 20853 | Gauntlet | Found a transporter.
 20871 | Gauntlet | Found a transporter.
 20876 | Gauntlet | Found a transporter.
 20878 | Gauntlet | Found a transporter.
 21276 | Gauntlet | Found a transporter.
 21645 | Gauntlet | Got a shimmering helmet
 21656 | Gauntlet | Identified the cursed +0 helmet of Puothr Ylam {*Slow rElec
                  | rF+} (You found it in a Gauntlet)
 21660 | Gauntlet | Noticed a minotaur
 21671 | Gauntlet | Killed a minotaur
 21671 | Gauntlet | Received a gift from Okawaru
 22180 | Lair:3   | Found a staircase to the Swamp.
 22286 | Lair:3   | Received a gift from Okawaru
 22302 | Lair:3   | Got a jewelled ring mail {god gift}
 22313 | Lair:3   | Identified the +1 ring mail of Going Fast {rF- rN+ MR++
                  | Regen+} (Okawaru gifted it to you on level 3 of the Lair of
                  | Beasts)
 23219 | Lair:4   | Found a hole to the Spider Nest.
 23495 | Lair:4   | HP: 4/98 [poisoned by a spiny frog]
 23500 | Lair:4   | HP: 4/98 [poisoned by a spiny frog]
 23507 | Lair:4   | HP: 3/98 [poisoned by a spiny frog]
 23515 | Lair:4   | HP: 4/98 [poisoned by a spiny frog]
 24279 | Lair:5   | Found a frozen archway.
 24370 | IceCv    | Entered an ice cave
 24788 | IceCv    | Received a gift from Okawaru
 25242 | IceCv    | HP: 7/148 [freezing wraith (6)]
 25613 | IceCv    | Found an ancient bone altar of Kikubaaqudgha.
 27087 | Lair:5   | Reached skill level 11 in Spellcasting
 27848 | Lair:5   | Found a staircase to the Slime Pits.
 28047 | Lair:6   | Entered Level 6 of the Lair of Beasts
 28074 | Lair:6   | Reached XP level 14. HP: 88/106 MP: 16/29
 28231 | Lair:6   | Received a gift from Okawaru
 28893 | Lair:6   | Learned a level 5 spell: Fireball
 28901 | Lair:6   | Learned a level 6 spell: Freezing Cloud
 28937 | Lair:6   | Reached skill level 10 in Dodging
 29417 | Lair:6   | Received a gift from Okawaru
 29689 | Lair:6   | Reached skill level 10 in Stealth
 30184 | Lair:6   | Reached skill level 10 in Invocations
 30334 | Lair:6   | Found the +2 Maxwell's thermic engine {flame, freeze}
 31439 | D:13     | Received a gift from Okawaru
 31514 | D:13     | Noticed Maurice
 31533 | D:13     | Killed Maurice
 31694 | D:13     | Received a gift from Okawaru
 31707 | D:13     | Identified the +0 plate armour of a wizard's laboratory
                  | {rN+}
 31722 | D:13     | Got a dazzling plate armour
 31726 | D:13     | Found a gate to the Vaults.
 31744 | D:13     | Identified the +2 plate armour "Cocrogi" {Regen+ Slay+2}
                  | (You found it on level 13 of the Dungeon)
 31829 | D:13     | Received a gift from Okawaru
 31853 | D:13     | Noticed Azrael
 31867 | D:13     | Killed Azrael
 32159 | D:13     | Reached XP level 15. HP: 114/114 MP: 30/30
 32166 | D:13     | Received a gift from Okawaru
 32167 | D:13     | Got an ichor-stained short sword {god gift}
 32168 | D:13     | Identified the +6 short sword "Lehoz" {freeze, Dex+4}
                  | (Okawaru gifted it to you on level 13 of the Dungeon)
 32599 | D:13     | Noticed Frances
 32650 | D:13     | Killed Frances
 33687 | D:14     | Noticed Louise
 33771 | D:14     | Killed Louise
 33771 | D:14     | Received a gift from Okawaru
 33910 | D:14     | Noticed Kirke
 33920 | D:14     | Killed Kirke
 34208 | D:14     | Identified Roxanne's Almanac of Transmutation
 34208 | D:14     | Noticed Roxanne
 35084 | D:14     | Killed Roxanne
 35094 | D:14     | Learned a level 6 spell: Bolt of Fire
 35218 | D:14     | Found a blossoming altar of Fedhas.
 36126 | D:15     | Entered Level 15 of the Dungeon
 36132 | D:15     | Learned a level 3 spell: Regeneration
 36136 | D:15     | Learned a level 3 spell: Spectral Weapon
 36154 | D:15     | Reached skill level 12 in Spellcasting
 36170 | D:15     | Found a sacrificial altar of Ru.
 36350 | D:15     | Received a gift from Okawaru
 36370 | D:15     | Reached skill level 10 in Fighting
 36370 | D:15     | Reached skill level 10 in Short Blades
 36370 | D:15     | Reached skill level 10 in Long Blades
 36370 | D:15     | Reached skill level 10 in Axes
 36370 | D:15     | Reached skill level 10 in Maces & Flails
 36370 | D:15     | Reached skill level 10 in Polearms
 36370 | D:15     | Reached skill level 10 in Staves
 36370 | D:15     | Reached skill level 10 in Slings
 36370 | D:15     | Reached skill level 10 in Bows
 36370 | D:15     | Reached skill level 10 in Crossbows
 36370 | D:15     | Reached skill level 10 in Throwing
 36370 | D:15     | Reached skill level 10 in Armour
 36370 | D:15     | Reached skill level 10 in Shields
 36370 | D:15     | Reached skill level 10 in Unarmed Combat
 36370 | D:15     | Reached skill level 10 in Evocations
 36549 | D:15     | Received a gift from Okawaru
 36644 | D:15     | Received a gift from Okawaru
 36708 | D:15     | HP: 4/115 [salamander (shapeshifter) (4)]
 37239 | D:15     | Received a gift from Okawaru
 37308 | D:15     | Found a staircase to the Depths.
 37867 | Orc:1    | Entered Level 1 of the Orcish Mines
 37888 | Orc:1    | Found a roughly hewn altar of Beogh.
 38024 | Orc:2    | Entered Level 2 of the Orcish Mines
 38081 | Orc:2    | Noticed an orc warlord
 38113 | Orc:1    | Killed an orc warlord
 38113 | Orc:1    | Received a gift from Okawaru
 38429 | Orc:2    | Found a staircase to the Elven Halls.
 38509 | Orc:2    | Found Miepp's Book Emporium.
 38546 | Orc:1    | Reached skill level 10 in Ice Magic
 38573 | Orc:1    | Found Bum Wausiule's Antique Weapon Shoppe.
 39230 | Orc:2    | Reached XP level 16. HP: 122/122 MP: 32/32
 39369 | Orc:2    | Found a radiant altar of Vehumet.
 39370 | Orc:2    | Noticed Erolcha
 39383 | Orc:2    | Killed Erolcha
 39388 | Orc:2    | Found Bokozxesh's Gadget Shop.
 39406 | Orc:2    | Found a roughly hewn altar of Beogh.
 39406 | Orc:2    | Found Siuck's Gadget Shop.
 39485 | Orc:2    | Found an ancient bone altar of Kikubaaqudgha.
 39492 | Orc:2    | Received a gift from Okawaru
 39537 | Orc:2    | Found Olehieq's Magic Scroll Boutique.
 39600 | Orc:2    | Bought a scroll of identify for 30 gold pieces
 39600 | Orc:2    | Bought a scroll of identify for 30 gold pieces
 39634 | Orc:2    | Found Ibres's Antique Armour Shop.
 39644 | Orc:2    | Bought a pair of embroidered boots for 225 gold pieces
 39827 | Orc:2    | Bought a book of Necromancy for 450 gold pieces
 39827 | Orc:2    | Bought a book of Ice for 975 gold pieces
 39838 | Orc:2    | Learned a level 6 spell: Bolt of Cold
 40070 | Swamp:1  | Entered Level 1 of the Swamp
 40796 | Swamp:1  | Slain by a shambling mangrove

Skill      XL: |  1  2  3  4  5  6  7  8  9 10 11 12 13 14 15 16 |
---------------+-------------------------------------------------+-----
Conjurations   | 2 3 4 5 6 7 8 9 |  9.2
Summonings     | 2 3 4 5 6 7 8 9 |  9.2
Translocations | 2 3 4 5 6 7 8 9 |  9.2
Invocations    | 1 2 3 4 5 6 7 8 9 10 11 | 11.4
Fighting       | 1 2 3 4 5 6 7 8 9 10 | 10.5
Short Blades   | 1 2 3 4 5 6 7 8 9 10 | 10.5
Long Blades    | 1 2 3 4 5 6 7 8 9 10 | 10.5
Axes           | 1 2 3 4 5 6 7 8 9 10 | 10.5
Maces & Flails | 1 2 3 4 5 6 7 8 9 10 | 10.5
Polearms       | 1 2 3 4 5 6 7 8 9 10 | 10.5
Staves         | 1 2 3 4 5 6 7 8 9 10 | 10.5
Slings         | 1 2 3 4 5 6 7 8 9 10 | 10.5
Bows           | 1 2 3 4 5 6 7 8 9 10 | 10.5
Crossbows      | 1 2 3 4 5 6 7 8 9 10 | 10.5
Throwing       | 1 2 3 4 5 6 7 8 9 10 | 10.5
Armour         | 1 2 3 4 5 6 7 8 9 10 | 10.5
Shields        | 1 2 3 4 5 6 7 8 9 10 | 10.5
Unarmed Combat | 1 2 3 4 5 6 7 8 9 10 | 10.5
Evocations     | 1 2 3 4 5 6 7 8 9 10 | 10.5
Hexes          | 1 2 3 4 5 6 7 8 9 |  9.0
Charms         | 1 2 3 4 5 6 7 8 9 |  9.0
Necromancy     | 1 2 3 4 5 6 7 8 9 |  9.0
Transmutations | 1 2 3 4 5 6 7 8 9 |  9.0
Fire Magic     | 1 2 3 4 5 6 7 8 9 |  9.0
Ice Magic      | 1 2 3 4 5 6 7 8 10 | 10.4
Air Magic      | 1 2 3 4 5 6 7 8 9 |  9.0
Earth Magic    | 1 2 3 4 5 6 7 8 9 |  9.0
Poison Magic   | 1 2 3 4 5 6 7 8 9 |  9.0
Dodging        | 5 6 7 8 9 10 11 | 11.4
Stealth        | 5 6 7 8 9 10 11 | 11.3
Spellcasting   | 8 9 10 11 12 | 12.4

Action                   |  1- 3 |  4- 6 |  7- 9 | 10-12 | 13-15 | 16-18 || total
-------------------------+-------+-------+-------+-------+-------+-------++-------
Melee: Dagger            |    19 |       |       |   648 |  1213 |       ||  1880
       Short sword       |     8 |    60 |   287 |   363 |       |       ||   718
       Bite              |     1 |     6 |    28 |   120 |   219 |    23 ||   397
       Punch             |       |     1 |     6 |     4 |       |       ||    11
       Double sword      |       |       |       |       |   293 |       ||   293
       Demon trident     |       |       |       |       |   356 |   228 ||   584
 Cast: Magic Dart        |    74 |   130 |   172 |   306 |   163 |     1 ||   846
       Mephitic Cloud    |       |     3 |    22 |    54 |    48 |     2 ||   129
       Conjure Flame     |       |       |       |    20 |    40 |       ||    60
       Blink             |       |       |       |     9 |     7 |       ||    16
       Call Imp          |       |       |       |    28 |    20 |       ||    48
       Poisonous Vapours |       |       |       |     3 |   141 |       ||   144
       Fireball          |       |       |       |       |    49 |     7 ||    56
       Freezing Cloud    |       |       |       |       |     3 |       ||     3
       Spectral Weapon   |       |       |       |       |     2 |     2 ||     4
Invok: Heroism           |       |       |       |     7 |    15 |     1 ||    23
       Finesse           |       |       |       |     1 |    10 |       ||    11
Evoke: Lightning rod     |       |       |       |     4 |     1 |       ||     5
       Wand              |       |       |       |     4 |    30 |     2 ||    36
  Use: Scroll            |       |       |    11 |     1 |    24 |     3 ||    39
       Potion            |       |       |       |     3 |     9 |       ||    12
 Stab: Sleeping          |     3 |     2 |     5 |    10 |    16 |     2 ||    38
       Confused          |       |     2 |     7 |    45 |    60 |     2 ||   116
       Distracted        |       |       |       |     1 |     6 |     2 ||     9
  Eat: Chunk             |     1 |     8 |    15 |    30 |    32 |     5 ||    91
       Ration            |       |       |       |     2 |    10 |       ||    12
Armor: Robe              |     5 |     1 |       |       |       |       ||     6
       Ring mail         |       |     8 |    86 |   219 |   370 |    45 ||   728
       Skin              |       |       |       |       |     9 |       ||     9
Dodge: Dodged            |    29 |    48 |   189 |   501 |   713 |    86 ||  1566
Block: Shield            |       |       |       |   285 |   758 |    71 ||  1114
       Rpst.: Double sword |       |       |       |       |    37 |       ||    37
